 Dungeon Crawl Stone Soup version 0.18.1-5-g4a78601 (webtiles) character file.

15786 mopl the Covert (level 12, -5/73 HPs)
             Began as a High Elf Enchanter on May 10, 2016.
             Was an Elder of Dithmenos.
             Succumbed to a queen ant's poison
             ... on level 1 of the Lair of Beasts on May 11, 2016.
             The game lasted 00:47:20 (14697 turns).

mopl the Covert (High Elf Enchanter)               Turns: 14697, Time: 00:47:21

Health: -5/73      AC:  8    Str:  7    XL:     12   Next: 4%
Magic:  1/19       EV: 16    Int: 20    God:    Dithmenos [****..]
Gold:   819        SH:  2    Dex: 19    Spells: 6 memorised, 5 levels left

rFire  . . .     SeeInvis .     a - +1 dagger (venom)
rCold  + . .     Gourm    .     x - +2 robe {rC+}
rNeg   . . .     Faith    .     (no shield)
rPois  .         Spirit   .     y - +0 helmet
rElec  .         Dismiss  .     P - +2 cloak
rCorr  .         Reflect  +     (no gloves)
SustAt .         Harm     .     (no boots)
MR     +....                    X - +2 amulet of reflection
Stlth  +++++++++.               F - -2 ring of intelligence (curse)
                                Y - ring of stealth

@: lethally poisoned (-5 -> -131), wreathed by umbra, somewhat resistant to
hostile enchantments, incredibly stealthy
A: no striking features
a: Shadow Step, Renounce Religion


You were on level 1 of the Lair of Beasts.
You worshipped Dithmenos.
Dithmenos was greatly pleased with you.
You were very hungry.

You visited 3 branches of the dungeon, and saw 14 of its levels.

You collected 819 gold pieces.

Inventory:

Hand Weapons
 a - a +1 dagger of venom (weapon)
 b - a +0 blowgun
 L - a +0 long sword of slicing
Missiles
 t - 2 javelins of penetration (quivered)
 v - 46 poisoned needles
 z - 10 tomahawks
 B - 7 curare-tipped needles
Armour
 x - a +2 robe of cold resistance (worn)
 y - a +0 helmet (worn)
 P - a +2 cloak (worn)
Jewellery
 r - an uncursed amulet of harm {unknown}
 u - an uncursed ring of protection from cold
 E - an uncursed ring of ice {unknown}
 F - a cursed -2 ring of intelligence (right hand)
 G - a +1 ring of evasion {unknown}
 I - a cursed amulet of inaccuracy {unknown}
 T - an uncursed ring of protection from magic
 X - a +2 amulet of reflection (around neck)
 Y - a ring of stealth (left hand)
Wands
 c - a wand of paralysis (12/24)
 f - a wand of acid (12/15)
 C - a wand of iceblast (6/15)
 Q - a wand of paralysis (2/24)
Scrolls
 e - a scroll of random uselessness {unknown}
 h - 6 scrolls of teleportation {unknown}
 j - 11 scrolls of identify {unknown}
 n - 4 scrolls of recharging {unknown}
 p - 2 scrolls of immolation {unknown}
 s - 3 scrolls of fear {unknown}
 D - 6 scrolls of remove curse {unknown}
 H - 2 scrolls of noise {unknown}
 O - 2 scrolls of enchant armour {unknown}
Potions
 i - 6 potions of mutation {unknown}
 m - a potion of brilliance {unknown}
 o - 4 potions of berserk rage {unknown}
 q - 7 potions of curing
 w - 4 potions of lignification {unknown}
 A - 6 potions of heal wounds {unknown}
 U - 2 potions of magic {unknown}
Comestibles
 d - 9 bread rations
 k - 10 fruits
 l - 3 beef jerkies


   Skills:
 + Level 3.6 Fighting
 - Level 5.0(6.9) Short Blades
 + Level 7.4(8.1) Long Blades
 + Level 3.8 Throwing
 + Level 5.3 Dodging
 * Level 13.0 Stealth
 - Level 4.0 Spellcasting
 - Level 3.0 Conjurations
 * Level 11.3 Hexes
 - Level 3.1 Necromancy
 - Level 3.0 Ice Magic


You had 5 spell levels left.
You knew the following spells:

 Your Spells              Type           Power        Failure   Level  Hunger
a - Corona                Hex            #####..      1%          1    None
b - Ensorcelled Hibernat  Hex/Ice        ####..       1%          2    #......
c - Confuse               Hex            #####...     1%          3    ###....
d - Tukima's Dance        Hex            #####...     1%          3    ###....
g - Dazzling Spray        Conj/Hex       ####....     1%          3    ###....
C - Corpse Rot            Necr           N/A          6%          2    #......


Dungeon Overview and Level Annotations

Branches:
Dungeon (11/15)            Temple (1/1) D:6            Lair (2/8) D:11
    Orc: D:9-12

Altars:
Ashenzari
Cheibriados
Dithmenos
Elyvilon
Fedhas
Gozag
Kikubaaqudgha
Makhleb
Nemelex Xobeh
Okawaru
Pakellas
Qazlal
Ru
Sif Muna
Trog
Vehumet
Xom
Yredelemnul
Zin
The Shining One

Shops:
D:4 (   D:10 :

Annotations:
D:6 F1L1N's ghost, novice MiBe
D:9 exclusion: door
D:10 exclusion: hydra
D:11 Snorg
Lair:1 fly
Lair:2 exclusion: 2 blink frogs, Fannar


Message History

The floor, spattered with blood.
Evoke which item? (* to show all) (? for menu, Esc to quit)
Zapping:
Q - a wand of paralysis {zapped: 8} (will waste charges)
Press: ? - help, Shift-Dir - straight line, f/p - queen ant
Aim: a queen ant (umbra, chance to defeat MR: 15%)
Okay, then.
Unknown command.
Okay, then.
You feel very sick.
There is a stone staircase leading up here.
* * * LOW HITPOINT WARNING * * *
You feel very sick. The queen ant stings you!
* * * LOW HITPOINT WARNING * * *
You are more poisoned.
The queen ant poisons you!
You climb upwards.
Level annotation: fly You are feeling very hungry.
You die...

....P#..# #...##.........##
....###.# #...##..#......P#
........###..##..........##
....###.......#..........#
#..#.##..................#
....................#...P#
..............#.....##..##
.#..#...P##...#a.....#..##
.###............@...##..P#
## #....................##
#................##...#
##................##..##
#...............>.##..#
##................#####
#................#
##.......#..#.#..P#
#........#..#.#..##


You could see a queen ant.

Vanquished Creatures
  Josephine (D:10)
  A death knight (D:10)
  3 hill giants (D:11)
  A griffon (Lair:1)
  2 ugly things
  Maurice (D:8)
  A gargoyle (D:10)
  3 spiny frogs
  A rime drake (Lair:2)
  A komodo dragon (Lair:1)
  A tengu conjurer (D:10)
  A dancing weapon (D:10)
  A wraith (D:9)
  7 yaks (Lair:2)
  A wyvern (D:10)
  3 hungry ghosts
  5 hippogriffs
  3 soldier ants
  Edmund (D:6)
  4 water moccasins
  3 porcupines
  3 sky beasts
  3 orc warriors
  2 black bears (D:9)
  2 ice beasts
  5 ogres
  A phantom (D:4)
  4 wolves (Lair:1)
  4 centaurs
  4 crocodiles
  A big kobold (D:10)
  5 giant frogs
  5 scorpions
  12 killer bees
  A troll skeleton (D:9)
  7 wights
  6 howler monkeys
  An electric eel (Lair:1)
  7 crimson imps
  9 hounds
  A jelly (D:11)
  6 centaur skeletons
  12 orc priests
  An iguana (D:4)
  12 orc wizards
  15 worker ants
  A hound zombie (D:7)
  2 hound skeletons
  A worker ant zombie (D:9)
  Robin (D:4)
  10 adders
  4 shadow imps
  4 oozes (D:1)
  2 adder skeletons
  2 worms
  4 dart slugs
  7 giant geckos
  50 orcs
  A ball python (D:5)
  11 bats
  4 giant cockroaches
  23 goblins
  9 hobgoblins
  10 jackals
  4 quokkas
  A giant gecko skeleton (D:4)
  A giant gecko zombie (D:8)
  6 giant newts
  11 kobolds
  A quokka skeleton (D:4)
  8 rats
352 creatures vanquished.

Vanquished Creatures (collateral kills)
  6 wights
6 creatures vanquished.

Vanquished Creatures (others)
  A dancing weapon (D:8)
  A jackal zombie (D:6)
  3 fungi
5 creatures vanquished.

Grand Total: 363 creatures vanquished

Notes
Turn   | Place    | Note
--------------------------------------------------------------
     0 | D:1      | mopl the High Elf Enchanter began the quest for the Orb.
     0 | D:1      | Reached XP level 1. HP: 11/11 MP: 4/4
    84 | D:1      | Reached XP level 2. HP: 3/17 MP: 4/6
   349 | D:1      | Learned a level 2 spell: Ensorcelled Hibernation
  1050 | D:1      | Reached XP level 3. HP: 21/21 MP: 5/7
  1543 | D:1      | Learned a level 3 spell: Confuse
  1579 | D:2      | Found a sparkling altar of Nemelex Xobeh.
  1612 | D:2      | Reached skill level 4 in Hexes
  1612 | D:2      | Reached skill level 1 in Ice Magic
  1652 | D:2      | Reached skill level 4 in Stealth
  1652 | D:2      | Reached XP level 4. HP: 24/27 MP: 5/8
  2729 | D:3      | Reached XP level 5. HP: 31/31 MP: 4/9
  2743 | D:3      | Reached skill level 2 in Short Blades
  2764 | D:2      | HP: 1/31 [orc/war axe (11)]
  4230 | D:3      | Reached skill level 2 in Ice Magic
  4544 | D:3      | Reached skill level 5 in Stealth
  4871 | D:4      | Found an opulent altar of Gozag.
  4872 | D:4      | Reached XP level 6. HP: 36/36 MP: 11/11
  4876 | D:4      | Noticed Robin
  5332 | D:4      | Killed Robin
  5401 | D:4      | Found a bloodstained altar of Trog.
  5483 | D:4      | Found a stormy altar of Qazlal.
  5545 | D:4      | Reached skill level 3 in Short Blades
  5545 | D:4      | Reached skill level 3 in Spellcasting
  5545 | D:4      | Reached skill level 5 in Hexes
  5550 | D:4      | Learned a level 3 spell: Tukima's Dance
  5651 | D:4      | Found Keapsaz's Weapon Shop.
  5706 | D:4      | Found a radiant altar of Vehumet.
  5712 | D:4      | Reached XP level 7. HP: 41/41 MP: 12/12
  5811 | D:4      | Reached skill level 6 in Stealth
  6269 | D:5      | Entered Level 5 of the Dungeon
  6363 | D:5      | Reached skill level 4 in Short Blades
  6412 | D:5      | Reached skill level 3 in Ice Magic
  6426 | D:5      | Learned a level 3 spell: Dazzling Spray
  6758 | D:6      | Reached skill level 6 in Hexes
  6758 | D:6      | Reached XP level 8. HP: 35/46 MP: 6/14
  6783 | D:6      | Reached skill level 7 in Stealth
  6888 | D:6      | Reached skill level 4 in Spellcasting
  6931 | D:6      | Learned a level 2 spell: Corpse Rot
  7072 | D:6      | Noticed Edmund
  7076 | D:6      | Killed Edmund
  7076 | D:6      | Reached skill level 5 in Short Blades
  7076 | D:6      | Reached skill level 1 in Necromancy
  7117 | D:6      | Found a staircase to the Ecumenical Temple.
  7126 | Temple   | Entered the Ecumenical Temple
  7156 | Temple   | Became a worshipper of Dithmenos the Shadowed
  7286 | D:6      | Reached skill level 1 in Long Blades
  7309 | D:6      | Got an ichor-stained ring mail
  7340 | D:6      | Noticed F1L1N's ghost (novice MiBe)
  7608 | D:7      | Reached skill level 8 in Stealth
  7642 | D:7      | Found a white marble altar of Elyvilon.
  7688 | D:7      | Reached * piety under Dithmenos
  7712 | D:7      | Reached skill level 2 in Long Blades
  7868 | D:8      | Noticed Maurice
  7881 | D:8      | Killed Maurice
  7881 | D:8      | Reached skill level 7 in Hexes
  7881 | D:8      | Reached skill level 2 in Necromancy
  7881 | D:8      | Reached XP level 9. HP: 49/51 MP: 6/16
  7969 | D:8      | Noticed a cyan ugly thing
  7979 | D:8      | Killed a cyan ugly thing
  7979 | D:8      | Reached skill level 3 in Long Blades
  7979 | D:8      | Reached skill level 9 in Stealth
  8304 | D:8      | Found a sacrificial altar of Ru.
  8471 | D:7      | Reached skill level 8 in Hexes
  8573 | D:7      | Reached skill level 4 in Long Blades
  8573 | D:7      | Reached skill level 3 in Necromancy
  8591 | D:7      | Reached skill level 10 in Stealth
  8761 | D:7      | Reached skill level 1 in Conjurations
  9259 | D:8      | Reached XP level 10. HP: 56/56 MP: 10/17
  9261 | D:8      | Reached ** piety under Dithmenos
  9388 | D:8      | Reached skill level 2 in Conjurations
  9944 | D:9      | Reached skill level 9 in Hexes
 10138 | D:9      | Found a basalt altar of Yredelemnul.
 10140 | D:9      | Noticed a profane servitor
 10148 | D:9      | Found a glowing golden altar of the Shining One.
 10150 | D:9      | Noticed an angel
 10204 | D:9      | Reached skill level 11 in Stealth
 10231 | D:9      | Reached skill level 5 in Long Blades
 10524 | D:9      | Reached *** piety under Dithmenos
 10524 | D:9      | Reached skill level 3 in Conjurations
 11084 | D:9      | Noticed a purple ugly thing
 11088 | D:9      | Killed a purple ugly thing
 11088 | D:9      | Reached skill level 1 in Fighting
 11203 | D:10     | Entered Level 10 of the Dungeon
 11231 | D:10     | Reached skill level 3 in Dodging
 11460 | D:10     | Noticed Josephine
 11462 | D:10     | Killed Josephine
 11462 | D:10     | Reached skill level 1 in Throwing
 11462 | D:10     | Reached skill level 10 in Hexes
 11483 | D:9      | Reached skill level 2 in Fighting
 11881 | D:10     | Noticed a five-headed hydra
 11907 | D:10     | Reached XP level 11. HP: 64/64 MP: 18/18
 11930 | D:10     | Noticed a death knight
 11933 | D:10     | Killed a death knight
 12153 | D:10     | Found Galehuat's Book Shoppe.
 12243 | D:10     | Reached skill level 12 in Stealth
 12262 | D:10     | Reached skill level 6 in Long Blades
 12363 | D:11     | Noticed a hill giant
 12383 | D:11     | Killed a hill giant
 12383 | D:11     | Reached skill level 2 in Throwing
 12383 | D:11     | Reached skill level 4 in Dodging
 12537 | D:11     | Found a staircase to the Lair.
 12590 | D:11     | Reached **** piety under Dithmenos
 12608 | Lair:1   | Entered Level 1 of the Lair of Beasts
 12825 | D:11     | Noticed Snorg
 13150 | D:11     | Noticed a hill giant
 13181 | D:11     | Killed a hill giant
 13242 | D:11     | Noticed a hill giant
 13257 | D:11     | Killed a hill giant
 13457 | Lair:1   | Noticed a griffon
 13462 | Lair:1   | Killed a griffon
 13707 | Lair:1   | Reached skill level 5 in Dodging
 13729 | Lair:1   | Reached skill level 3 in Throwing
 13875 | Lair:1   | Reached skill level 3 in Fighting
 13875 | Lair:1   | Reached skill level 11 in Hexes
 14010 | Lair:2   | Reached skill level 7 in Long Blades
 14295 | Lair:2   | Noticed Fannar
 14554 | Lair:2   | Reached skill level 13 in Stealth
 14580 | Lair:1   | Reached XP level 12. HP: 70/72 MP: 4/19
 14654 | Lair:2   | Noticed a queen ant
 14697 | Lair:1   | Succumbed to a queen ant's poison

Skill      XL: |  1  2  3  4  5  6  7  8  9 10 11 |
---------------+----------------------------------+-----
Hexes          | 4 5 6 7 8 10 11 | 11.3
Ice Magic      | 1 2 3 |  3.0
Stealth        | 4 5 6 8 10 11 13 | 13.0
Short Blades   | 2 3 4 5 |  5.0
Spellcasting   | 3 4 |  4.0
Necromancy     | 2 3 |  3.1
Long Blades    | 2 4 5 7 |  7.4
Conjurations   | 1 3 |  3.0
Fighting       | 2 3 |  3.6
Dodging        | 3 5 |  5.3
Throwing       | 1 3 |  3.8

Action                   |  1- 3 |  4- 6 |  7- 9 | 10-12 || total
-------------------------+-------+-------+-------+-------++-------
Melee: Dagger            |    82 |   254 |   228 |   375 ||   939
 Cast: Corona            |     6 |     1 |     3 |     1 ||    11
       Ensorcelled Hiber |    17 |    56 |    80 |    82 ||   235
       Confuse           |       |    13 |    18 |    37 ||    68
       Tukima's Dance    |       |       |     3 |    13 ||    16
       Corpse Rot        |       |       |     1 |     1 ||     2
Evoke: Wand              |       |       |       |     3 ||     3
 Stab: Sleeping          |    21 |    39 |    57 |    94 ||   211
       Confused          |       |     3 |     9 |    22 ||    34
       Paralysed         |       |       |       |     1 ||     1
       Distracted        |       |       |       |     1 ||     1
  Eat: Chunk             |     3 |    18 |    22 |    21 ||    64
       Fruit             |       |       |     1 |     2 ||     3
Armor: Robe              |     8 |    66 |    55 |    82 ||   211
Dodge: Dodged            |    43 |   166 |   150 |   211 ||   570
Block: Other             |       |       |       |     3 ||     3
